 Dungeon Crawl Stone Soup version 0.30.1-11-g7821555f0a (webtiles) character file.

Game seed: 13843877549257781067

2527 jagang the Covered (level 9, -3/71 HPs)
             Began as a Barachi Monk on Oct 26, 2023.
             Was a Priest of Okawaru.
             Slain by a wyvern (9 damage)
             ... on level 7 of the Dungeon on Oct 27, 2023.
             The game lasted 00:22:59 (6138 turns).

jagang the Covered (Barachi Monk)                   Turns: 6138, Time: 00:22:59

Health: -3/71      AC: 17    Str: 12    XL:     9   Next: 54%
Magic:  10/10      EV:  5    Int: 11    God:    Okawaru [***...]
Gold:   238        SH:  0    Dex: 19    Spells: 8/8 levels left

rFire   . . .        B - +0 long sword (elec)
rCold   . . .        d - orb {light}
rNeg    . . .        O - +0 plate armour
rPois   .            (no helmet)
rElec   .            N - +0 cloak
rCorr   +            s - +0 pair of gloves
SInv    .            H - +0 pair of boots
Will    +....        (no amulet) Stlth
                     j - ring of resist corrosion
HPRegen 0.31/turn    J - ring of willpower
MPRegen 0.12/turn

%: no passive effects
@: glowing, slow
A: amphibious, slowness 1, strong legs 1, +LOS
a: Hop, Renounce Religion, Heroism


You were on level 7 of the Dungeon.
You worshipped Okawaru.
Okawaru was most pleased with you.
You visited 2 branches of the dungeon, and saw 8 of its levels.
You also visited: Ossuary.

You collected 380 gold pieces.
You spent 142 gold pieces at shops.

Inventory:

Hand Weapons
 x - a +1 long sword
 z - a +4 rapier of holy wrath
 B - a +0 long sword of electrocution (weapon)
Missiles
 e - 8 poisoned darts
 p - a throwing net
 q - 2 boomerangs (quivered)
 K - a curare-tipped dart
Armour
 d - an orb of light (worn)
 s - a +0 pair of gloves (worn)
 H - a +0 pair of boots (worn)
 N - a +0 cloak (worn)
 O - a +0 plate armour (worn)
Jewellery
 j - a ring of resist corrosion (left hand)
 t - a ring of see invisible
 J - a ring of willpower (right hand)
 M - a ring of positive energy
Wands
 m - a wand of digging (5)
 A - a wand of iceblast (3)
Scrolls
 h - a scroll of magic mapping
 l - 4 scrolls of immolation
 u - 8 scrolls of identify
 v - 2 scrolls of fog
 w - 2 scrolls of teleportation
 y - 2 scrolls of enchant weapon
 F - 2 scrolls of fear
 G - 3 scrolls of noise
 L - a scroll of poison {unknown}
Potions
 b - a potion of invisibility {unknown}
 c - a potion of ambrosia
 i - 5 potions of curing
 k - 3 potions of heal wounds
 n - a potion of lignification {unknown}
 o - 2 potions of mutation {unknown}
 r - a potion of cancellation {unknown}
 C - 2 potions of berserk rage
 D - 2 potions of haste {unknown}
 E - 3 potions of might {unknown}
 I - a potion of flight {unknown}
Miscellaneous
 f - a phial of floods


   Skills:
 + Level 6.5 Fighting
 + Level 7.5 Long Blades
 * Level 4.8 Throwing
 * Level 7.8 Armour
 + Level 6.0 Dodging
 - Level 0.2 Stealth
 + Level 2.4 Invocations
 + Level 3.0 Evocations


You had 8 spell levels left.
You didn't know any spells.
Your spell library contained the following spells:

 Spells                   Type           Power      Damage    Failure   Level
 Freeze                   Ice            0%         1d3       100%        1
 Sandblast                Erth           0%         2d4       100%        1
 Passwall                 Tmut/Erth      0%         N/A       100%        2
 Frozen Ramparts          Ice            0%         1d1       100%        3
 Hailstorm                Conj/Ice       0%         3d3       100%        3
 Stone Arrow              Conj/Erth      0%         3d7       100%        3
 Borgnjor's Revivificati  Necr           0%         N/A       100%        8
 Necromutation            Tmut/Necr      0%         N/A       100%        8
 Death's Door             Necr           0%         N/A       100%        9


Dungeon Overview and Level Annotations

Branches:
Dungeon (7/15)             Temple (1/1) D:5         Ossuary (visited)

Altars:
Ashenzari
Cheibriados
Dithmenos
Fedhas
Hepliaklqana
Kikubaaqudgha
Makhleb
Okawaru
Qazlal
Ru
Sif Muna
Trog
Uskayaw
Vehumet
Wu Jian
Yredelemnul


Innate Abilities, Weirdness & Mutations

You are amphibious.
You cover ground slowly.
You can hop short distances.
You have an extended range of vision and can be seen from far away.


Message History

You slash the wight!
You destroy the wight!
Okawaru accepts your kill. The yak gores you but does no damage.
The howler monkey hits you but does no damage.
You slash the yak!
The yak is severely wounded.
The yak gores you!
* * * LOW HITPOINT WARNING * * *
The howler monkey hits you but does no damage.
You hit the yak.
The yak is severely wounded.
The yak gores you but does no damage.
The howler monkey hoots and howls with incredible vigour!
You slash the yak! Lightning courses through the yak!!
You kill the yak!
Okawaru accepts your kill.
You slash the howler monkey!
The howler monkey is almost dead.
The howler monkey hits you but does no damage.
You slash the howler monkey!
Lightning courses through the howler monkey!!
You kill the howler monkey!
Okawaru accepts your kill.
You feel like a meek peon again. The shadow imp hits you.
* * * LOW HITPOINT WARNING * * *
Your Dodging skill increases to level 6!
Your Evocations skill increases to level 3!
You hit the shadow imp.
The shadow imp is lightly wounded.
The wyvern bites you.
* * * LOW HITPOINT WARNING * * *
The shadow imp completely misses you. The wyvern bites you.
* * * LOW HITPOINT WARNING * * *
You slash the shadow imp!
You kill the shadow imp!
Okawaru accepts your kill. The wyvern bites you!
You die...

..... .... ...... ...
...#..# #..
.......##l#
........#.#
..........#
.......#..#
..........#####
##..Yl@)###.>
.##.##...###).......
....................
........##[####......
........ #.[....#....
.......###.....## ...
....... #..###.# ##
....... #.## .#
....... #.# .#


You could see a yak and a wyvern.

Vanquished Creatures
  Prince Ribbit (D:6)
  Sigmund (D:3)
  2 yaks (D:7)
  Menkaure (D:6)
  An ice beast (D:6)
  A phantom (D:5)
  A kobold brigand (D:6)
  A bullfrog (D:6)
  4 scorpions
  A gnoll sergeant (D:7)
  8 wights
  A howler monkey (D:7)
  A gnoll bouda (D:4)
  2 orc priests
  A hound (D:5)
  2 human zombies (Ossuary)
  A jelly (D:5)
  A sleepcap (D:5)
  Jessica (D:3)
  4 iguanas
  Terence (D:3)
  An orc wizard (D:4)
  5 mummies
  4 adders
  11 gnolls
  3 shadow imps
  An ufetubus (D:6)
  3 adder zombies (Ossuary)
  8 dart slugs
  5 orcs
  4 ball pythons (D:2)
  5 endoplasms
  4 giant cockroaches
  8 goblins
  3 hobgoblins
  3 jackals (D:1)
  3 quokkas
  8 bats
  2 frilled lizards
  3 goblin zombies (Ossuary)
  4 hobgoblin zombies
  A jackal zombie (Ossuary)
  6 kobolds
  2 kobold zombies (D:6)
  An orc zombie (D:6)
  4 rats
139 creatures vanquished.

Notes
Turn   | Place    | Note
-------+----------+-------------------------------------------
     0 | D:1      | jagang the Barachi Monk began the quest for the Orb.
     0 | D:1      | Reached XP level 1. HP: 18/18 MP: 1/1
   364 | D:1      | Reached XP level 2. HP: 18/25 MP: 2/2
   450 | D:1      | Reached skill level 1 in Armour
   697 | D:2      | Reached XP level 3. HP: 29/30 MP: 3/3
   927 | D:2      | Reached XP level 4. HP: 28/37 MP: 4/4
  1759 | D:3      | Noticed Jessica
  1765 | D:3      | Killed Jessica
  1857 | D:3      | Noticed Terence
  1875 | D:3      | Killed Terence
  1876 | D:3      | Reached skill level 5 in Long Blades
  1876 | D:3      | Reached XP level 5. HP: 24/42 MP: 5/5
  1944 | D:3      | Noticed Sigmund
  1961 | D:3      | Killed Sigmund
  1962 | D:3      | Reached XP level 6. HP: 44/49 MP: 6/6
  2477 | D:4      | Reached skill level 1 in Throwing
  2523 | D:4      | Found a hide-covered altar of Uskayaw.
  2646 | D:4      | Found a sand-covered staircase.
  2650 | Ossuary  | Entered an ossuary
  2668 | Ossuary  | Reached XP level 7. HP: 39/55 MP: 7/7
  2685 | Ossuary  | Reached skill level 5 in Fighting
  3376 | D:4      | Reached skill level 5 in Armour
  3552 | D:5      | Entered Level 5 of the Dungeon
  3617 | D:5      | Identified the +0 robe of the Depths {rF- rN+ Int+3}
  3651 | D:5      | Found a staircase to the Ecumenical Temple.
  3666 | Temple   | Entered the Ecumenical Temple
  3791 | Temple   | Became a worshipper of Warmaster Okawaru
  3791 | Temple   | Reached * piety under Okawaru
  3791 | Temple   | Reached ** piety under Okawaru
  3870 | D:5      | Found Iczyopo's CLEARANCE SALE!.
  3873 | D:5      | Bought a potion of berserk rage for 15 gold pieces
  3873 | D:5      | Bought a phial of floods for 120 gold pieces
  3873 | D:5      | Bought 4 poisoned darts for 7 gold pieces
  3909 | D:5      | Reached XP level 8. HP: 57/63 MP: 8/8
  3926 | D:5      | Reached skill level 5 in Dodging
  4211 | D:5      | Found a snail-covered altar of Cheibriados.
  4406 | D:6      | Reached skill level 1 in Evocations
  4478 | D:6      | Noticed Menkaure
  4486 | D:6      | Killed Menkaure
  4487 | D:6      | Reached skill level 1 in Invocations
  4624 | D:6      | Upgraded the game from 0.30.1-10-g1249ef9ec4 to
                  | 0.30.1-11-g7821555f0a
  4659 | D:6      | Found a shimmering blue altar of Sif Muna.
  4659 | D:6      | Found an ancient bone altar of Kikubaaqudgha.
  4683 | D:6      | Noticed Prince Ribbit
  4697 | D:6      | Killed Prince Ribbit
  4969 | D:6      | Reached *** piety under Okawaru
  5483 | D:6      | Reached XP level 9. HP: 51/68 MP: 10/10
  6138 | D:7      | Slain by a wyvern

Illustrated notes

Levels and vault maps discovered:
D:1:      dpeg_arrival_pond, layout_basic, minmay_tetromino_s2
D:2:      layout_basic, kennysheep_another_room, serial_bayou_lagoon_b
D:3:      layout_basic, grunt_decor_clamped, uniq_jessica, uniq_terence,
          uniq_sigmund
D:4:      layout_rooms, general_overflow_altar, enter_ossuary_5
D:5:      layout_cave_pools, kennysheep_mini, minmay_temple_entry_water_ring,
          nicolae_shop_clearance
D:6:      layout_loops_ring, gammafunk_temple_overflow_wave,
          minmay_mini_ossuary, uniq_menkaure, uniq_prince_ribbit1
D:7:      layout_rooms, nicolae_grassy_gnolls
Temple:   nicolae_temple_godzebo

Skill      XL: |  1  2  3  4  5  6  7  8  9 |
---------------+----------------------------+-----
Long Blades    | 4 5 6 7 |  7.5
Armour         | 1 2 3 4 5 7 |  7.8
Fighting       | 4 5 6 |  6.5
Dodging        | 4 5 6 |  6.0
Throwing       | 1 2 3 4 |  4.8
Evocations     | 2 3 |  3.0
Invocations    | 1 2 |  2.4
Stealth        | |  0.2

Action                     |  1- 3 |  4- 6 |  7- 9 || total
---------------------------+-------+-------+-------++-------
  Melee: Falchion          |    83 |    93 |       ||   176
         Rapier            |       |    13 |    27 ||    40
         Long sword        |       |       |   198 ||   198
  Throw: Dart              |       |     5 |     7 ||    12
         Boomerang         |       |     2 |     6 ||     8
 Invoke: Heroism           |       |       |     3 ||     3
Ability: Hop               |       |       |     2 ||     2
    Use: Scroll            |       |     4 |     4 ||     8
         Potion            |       |       |     2 ||     2
 Armour: Leather armour    |    31 |    46 |    10 ||    87
         Robe              |     1 |       |       ||     1
         Chain mail        |       |       |    56 ||    56
         Plate armour      |       |       |    57 ||    57
  Dodge: Dodged            |   103 |   111 |    97 ||   311
